 Dungeon Crawl Stone Soup version 0.29.1-15-g9cfb28693d (webtiles) character file.

Game seed: 13060383441291905998

9565 sentinel the Thaumaturge (level 12, 0/101 HPs)
             Began as a Meteoran Earth Elementalist on Aug 16, 2023.
             Was a Believer of Kikubaaqudgha.
             Slain by a yak (12 damage)
             ... on level 5 of the Lair of Beasts.
             The game lasted 00:29:21 (1624 turns).

sentinel the Thaumaturge (MeEE)                     Turns: 1624, Time: 00:29:22

Health: 0/101      AC:  5    Str: 12    XL:     12   Next: 7%
Magic:  4/28       EV: 12    Int: 30    God:    Kikubaaqudgha [**....]
Gold:   428        SH:  8    Dex: 13    Spells: 24/33 levels left

rFire   . . .      SeeInvis +   g - +7 sling of Hepliaklqana's Favour {speed, +Blink rElec}
rCold   . . .      Faith    .   d - +0 buckler
rNeg    . . .      Spirit   .   j - +1 robe "Gufo" {Int+10 Dex-2 SInv Stlth-}
rPois   +          Reflect  +   e - +0 helmet
rElec   +          Harm     .   n - +0 cloak
rCorr   .          Rampage  .   (no gloves)
Will    +....                   (no boots)
Stlth   +.........              l - amulet of reflection
HPRegen 0.26/turn               o - ring of poison resistance
MPRegen 0.21/turn               (no ring)

@: glowing
A: sense surroundings 2, otherworldly, glowing, explore regen
a: Renounce Religion, Evoke Blink, Unearth Wretches


You were on level 5 of the Lair of Beasts.
You worshipped Kikubaaqudgha.
Kikubaaqudgha was pleased with you.
You visited 2 branches of the dungeon, and saw 16 of its levels.

You collected 977 gold pieces.
You spent 549 gold pieces at shops.

Inventory:

Hand Weapons
 g - the +7 sling of Hepliaklqana's Favour (weapon) {speed, +Blink rElec}
   (You found it on level 2 of the Dungeon)

   Attacks with this weapon are significantly faster.
   rElec:     It insulates you from electricity.
   +Blink:    It lets you blink.
Armour
 a - a +0 robe
 d - a +0 buckler (worn)
 e - a +0 helmet (worn)
 j - the +1 robe "Gufo" (worn) {Int+10 Dex-2 SInv Stlth-}
   (You bought it in a shop on level 9 of the Dungeon)

   Int:       It affects your intelligence (+10).
   Dex:       It affects your dexterity (-2).
   SInv:      It lets you see invisible.
   Stlth:     It makes you less stealthy.
 n - a +0 cloak (worn)
Jewellery
 l - an amulet of reflection (around neck)
 o - a ring of poison resistance (left hand)
Scrolls
 f - a scroll of amnesia
 m - a scroll of brand weapon
 t - 2 scrolls of teleportation
 u - 2 scrolls of fear
Potions
 b - a potion of magic
 c - a potion of attraction {unknown}
 h - a potion of haste
 i - a potion of ambrosia {unknown}
 k - 3 potions of heal wounds {unknown}
 p - a potion of might {unknown}
 q - a potion of flight {unknown}
 r - a potion of cancellation {unknown}
 s - a potion of degeneration {unknown}
 M - 2 potions of mutation


   Skills:
 - Level 8.0 Fighting
 - Level 2.4 Dodging
 - Level 1.4 Stealth
 - Level 11.0 Spellcasting
 - Level 4.0 Conjurations
 - Level 11.0 Necromancy
 - Level 5.0 Translocations
 - Level 1.2 Transmutations
 + Level 4.2 Ice Magic
 - Level 5.4 Earth Magic
 - Level 5.0 Evocations


You had 24 spell levels left.
You knew the following spells:

 Your Spells              Type           Power      Damage    Failure   Level
a - Sandblast             Erth           98%        2d20      1%          1
g - Apportation           Tloc           92%        N/A       1%          1
h - Stone Arrow           Conj/Erth      88%        3d12      1%          3
j - Passwall              Tmut/Erth      30%        N/A       1%          2
Z - Sublimation of Blood  Necr           70%        N/A       1%          2

Your spell library contained the following spells:

 Spells                   Type           Power      Damage    Failure   Level
 Necrotise                Necr           100%       1d9       1%          1
 Vampiric Draining        Necr           70%        2d11      1%          3
 Ensorcelled Hibernation  Hex/Ice        58%        N/A       2%          2
 Summon Small Mammal      Summ           64%        N/A       4%          1
 Anguish                  Hex/Necr       24%        N/A       4%          4
 Spider Form              Tmut/Pois      20%        N/A       10%         3
 Petrify                  Tmut/Erth      36%        N/A       11%         4


Dungeon Overview and Level Annotations

Branches:
Dungeon (11/15) Zot: 5559    Lair (5/5) D:10 Zot: 2371  Shoals (0/4) Lair:3
    Orc (0/2) D:10
 Temple: D:4-7        Snake: Lair:2-3    Spider: Lair:2-3     Slime: Lair:4-5

Altars:
Ashenzari
Cheibriados
Fedhas
Gozag
Kikubaaqudgha
Wu Jian

Shops:
D:1 !   D:9 [


Innate Abilities, Weirdness & Mutations

You passively map the area around you.
You are easily found by Zot.
You glow in the dark.
You regain HP and MP as you explore.


Message History

Confirm with . or Enter, or press ? or * to list all spells.
Aiming: Sandblast (safe; 1% risk of failure)
Press: ? - help, Shift-Dir - straight line, f/p - yak
Aim: a yak (91% to hit)
Okay, then.
Casting: Sandblast (safe; 1% risk of failure)
Confirm with . or Enter, or press ? or * to list all spells.
Aiming: Sandblast (safe; 1% risk of failure)
Press: ? - help, Shift-Dir - straight line, f/p - yak
Aim: a yak (91% to hit)
The blast of sand hits the yak!
The yak is moderately wounded.
Casting: Sandblast (safe; 1% risk of failure)
Confirm with . or Enter, or press ? or * to list all spells.
Aiming: Sandblast (safe; 1% risk of failure)
Press: ? - help, Shift-Dir - straight line, f/p - yak
Aim: a yak (moderately wounded, 91% to hit)
Okay, then.
Casting: Sandblast (safe; 1% risk of failure)
Confirm with . or Enter, or press ? or * to list all spells.
Aiming: Stone Arrow (safe; 1% risk of failure)
Press: ? - help, Shift-Dir - straight line, f/p - yak
Aim: a yak (moderately wounded, 85% to hit)
The stone arrow hits the yak!!
You kill the yak!
Kikubaaqudgha accepts your kill.
Your Ice Magic skill increases to level 4!
You are too injured to fight recklessly!
Casting: Stone Arrow (safe; 1% risk of failure)
Confirm with . or Enter, or press ? or * to list all spells.
Aiming: Sandblast (safe; 1% risk of failure)
Press: ? - help, Shift-Dir - straight line, f - yak
Aim: a yak (moderately wounded, paralysed, 100% to hit)
The blast of sand hits the yak!!
The yak is severely wounded.
Casting: Sandblast (safe; 1% risk of failure)
Confirm with . or Enter, or press ? or * to list all spells.
Aiming: Sandblast (safe; 1% risk of failure)
Press: ? - help, Shift-Dir - straight line, f/p - yak
Aim: a yak (severely wounded, paralysed, 100% to hit)
The blast of sand hits the yak!!
You kill the yak!
Kikubaaqudgha accepts your kill.
A yak comes into view.
The yak bellows!
A yak comes into view. 2 yaks come into view.
A yak comes into view.
Casting: Sandblast (safe; 1% risk of failure)
Confirm with . or Enter, or press ? or * to list all spells.
Aiming: Passwall (safe; 1% risk of failure)
Press: ? - help, Dir - move target A rock wall.
The yak bellows!
The yak gores you but does no damage.
You begin to meditate on the wall.
You continue meditating on the rock.
The yak bellows!
You block the yak's attack.
You continue meditating on the rock.
The yak bellows!
You hear a bellow! x2
The yak closely misses you.
You finish merging with the rock.
Okay, then.
As you read the scroll of teleportation, it crumbles to dust.
You feel strangely unstable.
Unknown command.
You start waiting.
Your surroundings suddenly seem different.
Unknown command.
There is a stone staircase leading down here.
You climb downwards.
The yak bellows!
There is a stone staircase leading up, spattered with blood here.
Casting: Passwall (safe; 1% risk of failure)
Confirm with . or Enter, or press ? or * to list all spells.
Aiming: Stone Arrow (safe; 1% risk of failure)
Press: ? - help, Shift-Dir - straight line, f - yak
Aim: a yak (85% to hit)
Okay, then.
You aren't carrying any items that you can evoke.
Unknown command.
Fire: g) +7 sling of Hepliaklqana's Favour {speed, +Blink rElec}
Press: ? - help, Shift-Dir - straight line, f - rime drake
Aim: a rime drake (61% to hit)
You shoot a sling bullet. The sling bullet hits the rime drake.
The rime drake is lightly wounded.
Casting: Stone Arrow (safe; 1% risk of failure)
Confirm with . or Enter, or press ? or * to list all spells.
Aiming: Stone Arrow (safe; 1% risk of failure)
Press: ? - help, Shift-Dir - straight line, f - yak, p - rime drake
Aim: a yak (85% to hit)
Okay, then.
Fire: g) +7 sling of Hepliaklqana's Favour {speed, +Blink rElec}
Press: ? - help, Shift-Dir - straight line, f/p - rime drake
Aim: a rime drake (61% to hit)
You shoot a sling bullet. The sling bullet hits the rime drake!
The rime drake is moderately wounded.
The rime drake breathes ice at you. The flash freeze hits you!
You are encased in ice.
Fire: g) +7 sling of Hepliaklqana's Favour {speed, +Blink rElec}
Press: ? - help, Shift-Dir - straight line, f/p - rime drake
Aim: a rime drake (moderately wounded, catching its breath, 61% to hit)
You shoot a sling bullet.
The sling bullet barely misses the rime drake.
The yak gores you.
Fire: g) +7 sling of Hepliaklqana's Favour {speed, +Blink rElec}
Press: ? - help, Shift-Dir - straight line, f/p - rime drake
Aim: a rime drake (moderately wounded, 61% to hit)
Okay, then.
Casting: Stone Arrow (safe; 1% risk of failure)
Confirm with . or Enter, or press ? or * to list all spells.
Aiming: Stone Arrow (safe; 1% risk of failure)
Press: ? - help, Shift-Dir - straight line, f - yak, p - rime drake
Aim: a yak (85% to hit)
Okay, then.
Fire: g) +7 sling of Hepliaklqana's Favour {speed, +Blink rElec}
Press: ? - help, Shift-Dir - straight line, f/p - rime drake
Aim: a rime drake (moderately wounded, 61% to hit)
You shoot a sling bullet. The sling bullet hits the rime drake!
The rime drake is heavily wounded.
The yak misses you.
Casting: Stone Arrow (safe; 1% risk of failure)
Confirm with . or Enter, or press ? or * to list all spells.
Aiming: Stone Arrow (safe; 1% risk of failure)
Press: ? - help, Shift-Dir - straight line, f/p - rime drake
Aim: a rime drake (heavily wounded, 70% to hit)
The stone arrow hits the rime drake!
The rime drake is severely wounded.
The yak gores you.
Casting: Stone Arrow (safe; 1% risk of failure)
Confirm with . or Enter, or press ? or * to list all spells.
Aiming: Stone Arrow (safe; 1% risk of failure)
Press: ? - help, Shift-Dir - straight line, f/p - rime drake
Aim: a rime drake (severely wounded, 70% to hit)
The stone arrow misses the rime drake.
The ice encasing you melts away. The yak gores you.
HP warning!
Casting: Stone Arrow (safe; 1% risk of failure)
Confirm with . or Enter, or press ? or * to list all spells.
Aiming: Stone Arrow (safe; 1% risk of failure)
Press: ? - help, Shift-Dir - straight line, f/p - rime drake
Aim: a rime drake (severely wounded, 70% to hit)
The stone arrow hits the rime drake!
The rime drake is almost dead.
The rime drake barely misses you. The yak barely misses you.
HP warning!
The yak attacks as you move away! The yak gores you!
You die...
Kikubaaqudgha rasps: "You have failed me!
Welcome... death!"

, *,, , ,, ,,
,#........., , , ,
, .....,....,**
,,#P........, , ,
,* , *##... .....
* *#.[...... .
#...#..,... * ,
,*,,
..###....#....# ,
......k@....... **
.......Y....... ,
* .....#.........
* ,
,,,..##,#.........
, , ,. ..........
, , , ,
........... ,, , ,
, ........... , ,
, ** P...........,
, , *


You could see a yak and a rime drake.

Vanquished Creatures
  3 black mambas
  3 cane toads
  5 komodo dragons
  2 rime drakes
  A troll (D:9)
  A blink frog (Lair:4)
  2 wyverns
  A wraith (D:10)
  A shadow (D:10)
  15 yaks
  A basilisk (Lair:3)
  6 water moccasins
  An orc warrior (D:10)
  A black bear (D:10)
  5 wolves (Lair:1)
  2 ogres
  A centaur (D:10)
  A phantom (D:4)
  2 bullfrogs
  2 scorpions (D:10)
  3 wights (D:10)
  12 killer bees
  A hound (D:6)
  A jelly (D:3)
  2 orc priests (D:6)
  4 orc wizards
  3 gnolls (D:2)
  An adder (D:3)
  An ufetubus (D:5)
  A dart slug (D:4)
  21 orcs
  2 ball pythons
  4 endoplasms
  2 giant cockroaches (D:1)
  2 goblins
  A hobgoblin (D:1)
  2 kobolds
119 creatures vanquished.

Vanquished Creatures (others)
  13 fungi
  19 plants
32 creatures vanquished.

Grand Total: 151 creatures vanquished

Notes
Turn   | Place    | Note
-------+----------+-------------------------------------------
     0 | D:1      | sentinel the Meteoran Earth Elementalist began the quest
                  | for the Orb.
     0 | D:1      | Reached XP level 1. HP: 14/14 MP: 5/5
    25 | D:1      | Found Sefiv's Distillery.
    32 | D:1      | Learned a level 1 spell: Apportation
    90 | D:1      | Reached XP level 2. HP: 20/20 MP: 2/6
    93 | D:1      | Learned a level 2 spell: Passwall
   125 | D:2      | Identified the +7 sling of Hepliaklqana's Favour {speed,
                  | +Blink rElec}
   131 | D:2      | Reached XP level 3. HP: 26/26 MP: 4/8
   132 | D:2      | Reached skill level 5 in Earth Magic
   162 | D:1      | Reached XP level 4. HP: 29/33 MP: 9/9
   214 | D:3      | Learned a level 3 spell: Stone Arrow
   242 | D:3      | Reached skill level 1 in Conjurations
   242 | D:3      | Reached skill level 1 in Evocations
   242 | D:3      | Reached XP level 5. HP: 38/38 MP: 10/10
   258 | D:4      | Noticed a phantom
   266 | D:4      | Killed a phantom
   276 | D:3      | Reached XP level 6. HP: 45/45 MP: 8/12
   276 | D:3      | Found a broken altar of Ashenzari.
   324 | D:4      | Noticed an ogre
   330 | D:4      | Killed an ogre
   369 | D:4      | Identified a scroll of acquirement
   395 | D:5      | Entered Level 5 of the Dungeon
   397 | D:5      | Noticed an ogre
   403 | D:5      | Killed an ogre
   404 | D:5      | Reached skill level 1 in Translocations
   404 | D:5      | Reached XP level 7. HP: 50/50 MP: 10/14
   467 | D:6      | Found an ancient bone altar of Kikubaaqudgha.
   476 | D:6      | Found a blossoming altar of Fedhas.
   489 | D:6      | Became a worshipper of Kikubaaqudgha
   530 | D:7      | Found an opulent altar of Gozag.
   580 | D:9      | Found a snail-covered altar of Cheibriados.
   651 | D:9      | Found Ciuruab's Armour Shop.
   651 | D:9      | Acquired 977 gold pieces
   653 | D:9      | Bought the +1 robe "Gufo" {Int+10 Dex-2 SInv Stlth-} for
                  | 549 gold pieces
   665 | D:9      | Noticed a wyvern
   668 | D:9      | Killed a wyvern
   669 | D:9      | Reached skill level 5 in Spellcasting
   669 | D:9      | Reached XP level 8. HP: 57/57 MP: 6/16
   819 | D:9      | Noticed a troll
   822 | D:9      | Killed a troll
   823 | D:9      | Reached skill level 5 in Translocations
   833 | D:10     | Entered Level 10 of the Dungeon
   833 | D:10     | Noticed a shadow
   834 | D:10     | Killed a shadow
   835 | D:10     | Reached skill level 5 in Evocations
   854 | D:10     | Found a staircase to the Orcish Mines.
   862 | D:10     | Reached skill level 1 in Necromancy
   866 | D:10     | Gained mutation: You passively map the area around you.
                  | [Meteoran growth]
   866 | D:10     | Reached XP level 9. HP: 59/70 MP: 12/18
   950 | D:10     | Reached * piety under Kikubaaqudgha
   950 | D:10     | Received a gift from Kikubaaqudgha
   954 | D:10     | Learned a level 2 spell: Sublimation of Blood
   979 | D:10     | Found an ornate altar of the Wu Jian Council.
  1000 | D:10     | Reached skill level 5 in Necromancy
  1015 | D:10     | Found a staircase to the Lair.
  1022 | Lair:1   | Entered Level 1 of the Lair of Beasts
  1024 | Lair:1   | Reached XP level 10. HP: 78/78 MP: 16/23
  1070 | Lair:1   | Noticed a rime drake
  1074 | Lair:1   | Killed a rime drake
  1121 | Lair:1   | Noticed a black mamba
  1127 | Lair:1   | Killed a black mamba
  1138 | Lair:1   | Noticed a cane toad
  1143 | Lair:1   | Killed a cane toad
  1146 | Lair:1   | Noticed a komodo dragon
  1150 | Lair:1   | Killed a komodo dragon
  1168 | Lair:2   | Noticed a komodo dragon
  1168 | Lair:2   | Noticed a black mamba
  1172 | Lair:2   | Killed a komodo dragon
  1173 | Lair:2   | Killed a black mamba
  1191 | Lair:2   | Noticed a komodo dragon
  1195 | Lair:2   | Noticed an ice devil
  1195 | Lair:2   | Noticed an ice devil
  1195 | Lair:2   | Noticed a cane toad
  1205 | Lair:2   | Noticed an elephant
  1213 | Lair:1   | Killed a cane toad
  1214 | Lair:1   | Reached skill level 10 in Spellcasting
  1214 | Lair:1   | Reached XP level 11. HP: 12/84 MP: 15/26
  1244 | Lair:2   | Reached skill level 10 in Necromancy
  1255 | Lair:2   | Reached ** piety under Kikubaaqudgha
  1327 | Lair:3   | Reached skill level 5 in Fighting
  1387 | Lair:4   | Noticed a black mamba
  1390 | Lair:4   | Killed a black mamba
  1427 | Lair:4   | Noticed an elephant
  1445 | Lair:5   | Entered Level 5 of the Lair of Beasts
  1475 | Lair:4   | Noticed a death yak
  1475 | Lair:4   | Noticed a death yak
  1475 | Lair:4   | Noticed a death yak
  1475 | Lair:4   | Noticed a death yak
  1550 | Lair:4   | Reached skill level 1 in Ice Magic
  1581 | Lair:4   | Reached XP level 12. HP: 48/101 MP: 14/28
  1624 | Lair:5   | Slain by a yak

Illustrated notes

Levels and vault maps discovered:
D:1:      minmay_arrival_solitary_statue, layout_loops_cross, serial_shops,
          nicolae_shop_competitors_out_of_business,
          nicolae_shop_advertising_works [nicolae_subvault_shop_adworks], shop,
          dreamdust_ecumenical_altar_angels_and_demons
D:2:      layout_basic, item_on_display_a
D:3:      wad_woods_tower, layout_basic, cheibrodos_ashenzari_chains,
          serial_glass, glass_columns_c, glass_columns_b, st_stairs_5,
          hex_medium, minmay_misc_feat_ornament
D:4:      layout_gridville, minivault_19, nicolae_shop_firing_range
D:5:      wad_woods_stonehenge, layout_loops_corners, uniq_prince_ribbit1
D:6:      layout_basic, nicolae_overflow_crystal_walls, fedhas_altar_3,
          portal_sewer_entry_e, kennysheep_nub
D:7:      layout_basic, overflow_temple_1_default, mainiacjoe_overflow_paths,
          minmay_temple_entry_gardened_gates, serial_shops,
          kennysheep_little_box, st_stairs_1
D:8:      layout_loops_cross
D:9:      layout_basic, slow_altar_1, serial_shops, shop
D:10:     layout_stronghold, nicolae_ru_awakened_eye,
          mainiacjoe_overflow_chevrons, grunt_lair_entry_orc_guard_hut,
          david_orc_2, nicolae_trove_entry_crystal, enter_bailey_3
D:11:     layout_big_octagon, dancing_weapons_uskayaw
Lair:1:   layout_roguey, lemuel_old_faithful
Lair:2:   layout_chaotic_city, portal_ice_cave_demonic_guard
Lair:3:   regret_index_bee_streams, layout_big_grid,
          minmay_shoals_entry_centaurs, nicolae_spider_entry_tight_spaces,
          st_stairs_13, small_statue_intersection, minmay_stone_trees_medium,
          uniq_josephine, uniq_fannar
Lair:4:   layout_misc_corridors, dpeg_slime_entry_corner, st_stairs_12,
          minmay_holes, grunt_megastairs_1
Lair:5:   hangedman_lair_tendril_chambers, layout_gridlike

Skill      XL: |  1  2  3  4  5  6  7  8  9 10 11 12 |
---------------+-------------------------------------+-----
Earth Magic    | 4 5 |  5.4
Spellcasting   | 3 4 5 8 10 11 | 11.0
Conjurations   | 1 2 4 |  4.0
Evocations     | 1 3 4 5 |  5.0
Translocations | 1 4 5 |  5.0
Fighting       | 3 4 8 |  8.0
Necromancy     | 1 6 9 11 | 11.0
Ice Magic      | 3 4 |  4.2
Dodging        | |  2.4
Stealth        | |  1.4
Transmutations | |  1.2

Action                   |  1- 3 |  4- 6 |  7- 9 | 10-12 || total
-------------------------+-------+-------+-------+-------++-------
 Fire: Sling             |    13 |    41 |    23 |     7 ||    84
 Cast: Sandblast         |    14 |     2 |    34 |    50 ||   100
       Passwall          |     2 |     7 |    37 |    14 ||    60
       Stone Arrow       |       |     4 |    29 |    66 ||    99
       Apportation       |       |       |     8 |     9 ||    17
Evoke: Wand              |       |       |     3 |    13 ||    16
  Use: Scroll            |       |     4 |     4 |     6 ||    14
Armor: Robe              |     2 |     3 |     5 |    15 ||    25
Dodge: Dodged            |     9 |     2 |    14 |    30 ||    55
Block: Buckler           |       |       |    13 |    30 ||    43
